 Dungeon Crawl Stone Soup version 0.24.0-13-gcf9b319 (webtiles) character file.

Game seed: 14670923298273191543, levelgen mode: deterministic

13083 Inchmeat the Severer (level 12, 0/103 HPs)
             Began as a Hill Orc Gladiator on Feb 3, 2020.
             Was an Elder of Makhleb.
             Slain by a two-headed ogre
             ... wielding a +0 giant club of flaming
              (4 damage)
             ... in a volcano.
             The game lasted 00:19:46 (12479 turns).

Inchmeat the Severer (Hill Orc Gladiator)          Turns: 12479, Time: 00:19:46

Health: 0/103      AC: 16    Str: 21    XL:     12   Next: 2%
Magic:  12/12      EV:  8    Int: 13    God:    Makhleb [****..]
Gold:   168        SH:  0    Dex: 13    Spells: 11/11 levels left

rFire    . . .     SeeInvis +   b - +6 executioner's axe (drain)
rCold    . . .     Gourm    .   (shield currently unavailable)
rNeg     + . .     Faith    .   v - +0 chain mail
rPois    .         Spirit   .   c - +0 helmet
rElec    .         Reflect  .   u - +0 cloak
rCorr    .         Harm     .   h - +2 pair of gloves
MR       .....                  K - +2 pair of boots {Fly}
Stlth    ..........             B - amulet of regeneration
HPRegen  0.67/turn              n - ring of positive energy
MPRegen  0.13/turn              z - ring of Ongess {Int+3 SInv}

@: flying, very slightly contaminated, invisible
A: clever 1, MP-powered wands
a: Minor Destruction, Lesser Servant of Makhleb, Major Destruction, Renounce
Religion, Stop Flying


You were in a volcano.
You worshipped Makhleb.
Makhleb was greatly pleased with you.
You were near starving.

You visited 2 branches of the dungeon, and saw 12 of its levels.
You also visited: Volcano.

You collected 716 gold pieces.
You spent 548 gold pieces at shops.

Inventory:

Hand Weapons
 b - a +6 executioner's axe of draining (weapon)
 x - a +3 dire flail of crushing
Missiles
 d - 3 throwing nets (quivered)
Armour
 c - a +0 helmet (worn)
 h - a +2 pair of gloves (worn)
 k - a +0 pair of boots
 u - a +0 cloak (worn)
 v - a +0 chain mail (worn)
 E - a +0 shield of reflection
 K - a +2 pair of boots of flying (worn)
Jewellery
 l - an uncursed ring of positive energy
 n - a ring of positive energy (left hand)
 z - the ring of Ongess (right hand) {Int+3 SInv}
   (You bought it in a shop on level 7 of the Dungeon)

   [ring of see invisible]

   It affects your intelligence (+3).
   It lets you see invisible.
 A - an uncursed ring of resist corrosion
 B - an amulet of regeneration (around neck)
Wands
 i - a wand of paralysis (7)
 o - a wand of scattershot (4)
 p - a wand of polymorph (4)
 s - a wand of disintegration (4)
 C - a wand of digging (9)
 F - a wand of enslavement (7)
Scrolls
 y - 2 scrolls of magic mapping
 D - 4 scrolls of teleportation
Potions
 e - 3 potions of curing {@q1}
 g - a potion of cancellation {unknown}
 j - a potion of magic
 m - 2 potions of mutation {!q}
 q - 3 potions of flight
 t - 2 potions of agility
 L - 3 potions of lignification
 P - a potion of berserk rage
Comestibles
 f - 19 rations


   Skills:
 - Level 8.5 Fighting
 * Level 20.8 Axes
 - Level 1.7 Throwing
 - Level 2.4 Dodging


You had 11 spell levels left.
You didn't know any spells.
Your spell library contained the following spells:

 Spells                   Type           Power        Failure   Level  Hunger
 Animate Skeleton         Necr           N/A          98%         1    ##.....
 Apportation              Tloc           #.....       98%         1    ##.....
 Confusing Touch          Hex            #.....       98%         1    ##.....
 Pain                     Necr           #...         98%         1    ##.....
 Summon Small Mammal      Summ           #...         98%         1    ##.....
 Confuse                  Hex            #.......     100%        3    ####...
 Gell's Gravitas          Tloc           #.........   100%        3    ####...
 Regeneration             Chrm/Necr      #.........   100%        3    ####...
 Vampiric Draining        Necr           #.........   100%        3    ####...
 Animate Dead             Necr           N/A          100%        4    #####..
 Petrify                  Tmut/Erth      #.......     100%        4    #####..
 Metabolic Englaciation   Hex/Ice        #.........   100%        5    ######.
 Yara's Violent Unravell  Hex/Tmut       #.........   100%        5    ######.


Dungeon Overview and Level Annotations

Branches:
Dungeon (11/15)            Temple (0/1) D:5            Lair (0/6) D:8
    Orc (1/2) D:9         Volcano (1/1)

Altars:
Fedhas
Gozag
Makhleb
Qazlal
Trog
Vehumet

Shops:
D:6 (   D:7 *   D:10 :%:!


Innate Abilities, Weirdness & Mutations

Your mind is acute. (Int +2)
You expend magic power (3 MP) to strengthen your wands.


Message History

* * * LOW HITPOINT WARNIN'
* * *
Found 24 gold pieces.
Thar be a large op'n door, spatt'red wit' blood 'ere.
Unknown command.
Ye fade inta invisibility!
Tha two-headed ogre hits ye wit' a +0 giant club o' flamin'.
* * * LOW HITPOINT WARNIN'
* * * Tha two-headed ogre burns ye.
* * * LOW HITPOINT WARNIN'
* * * Tha two-headed ogre barely misses ye.
Ye be very lightly contaminated wit' residual magic.
Ye catch tha helpless two-headed ogre completely off-guard!
Ye hit tha two-headed ogre.
Tha two-headed ogre be lightly wounded.
Ye hit tha two-headed ogre.
Ye drain tha two-headed ogre.
Tha two-headed ogre closely misses ye.
Tha two-headed ogre hits ye wit' a +1 great mace o' flamin'!!
* * * LOW HITPOINT WARNIN'
* * * Tha two-headed ogre burns ye.
Ye die...

##.# #§§
#..+.$.$.+
≈≈≈§##..+..d..+
§§≈§#...#.....#
§≈§§#..O#######
≈≈§≈#...+!$.!$+
≈≈≈§#..O#°.°..#
#..@#8≈°≈8#
##.O'..≈..+
#..'.°...+
≈##.#8.°.8# #≈
≈≈≈###.....###§§
#○○°°≈..)..≈≈≈≈≈
##≈°°°8...8≈°°§≈
###§≈.....≈≈≈°§
#≈§..°..≈≈≈##


You could see 3 two-headed ogres.

Vanquished Creatures
  Harold (D:7)
  An ogre mage (Volcano)
  A tengu warrior (D:11)
  2 deep trolls (D:10)
  A slime creature (D:8)
  8 trolls (D:10)
  A hornet (D:8)
  Sigmund (D:2)
  4 yaks
  2 hungry ghosts
  A warg (Orc:1)
  Menkaure (D:5)
  Duvessa (D:6)
  3 sky beasts
  3 black bears
  An ice beast (D:10)
  7 orc warriors
  3 phantoms
  3 necrophages (D:7)
  4 ogres
  4 centaurs
  3 big kobolds (D:8)
  13 bullfrogs
  Dowan (D:6)
  16 wights
  2 bullfrog zombies (D:7)
  5 electric eels (D:10)
  A howler monkey (D:6)
  8 crimson imps
  8 jellies
  A quasit (D:9)
  5 orc priests
  7 hounds
  2 bullfrog skeletons
  A centaur skeleton (D:7)
  A gnoll shaman (D:6)
  An iguana (D:6)
  Terence (D:3)
  12 orc wizards
  7 worker ants
  A hound zombie (D:7)
  2 mummies (D:7)
  2 worker ant zombies (D:8)
  A howler monkey skeleton (D:8)
  9 gnolls
  7 adders
  12 oozes
  3 adder zombies
  8 worms
  4 dart slugs
  8 leopard geckos
  28 orcs
  2 ball pythons
  5 giant cockroaches
  7 goblins
  4 hobgoblins
  17 jackals
  8 quokkas
  12 bats
  3 frilled lizards
  11 kobolds
  6 rats
308 creatures vanquished.

Vanquished Creatures (others)
  A fungus (D:8)
  8 toadstools (D:8)
9 creatures vanquished.

Grand Total: 317 creatures vanquished

Notes
Turn   | Place    | Note
-------+----------+-------------------------------------------
     0 | D:1      | Inchmeat the Hill Orc Gladiator began the quest for the
                  | Orb.
     0 | D:1      | Reached XP level 1. HP: 18/18 MP: 1/1
    66 | D:1      | Reached XP level 2. HP: 25/25 MP: 2/2
   371 | D:1      | Reached skill level 5 in Axes
   736 | D:2      | Reached XP level 3. HP: 28/30 MP: 3/3
   937 | D:2      | Reached skill level 6 in Axes
   991 | D:2      | Reached XP level 4. HP: 31/37 MP: 4/4
  1020 | D:2      | Noticed Sigmund
  1278 | D:2      | Killed Sigmund
  1278 | D:2      | Reached skill level 8 in Axes
  1278 | D:2      | Reached XP level 5. HP: 8/42 MP: 5/5
  1278 | D:2      | Reached XP level 6. HP: 9/50 MP: 6/6
  2044 | D:3      | Reached skill level 9 in Axes
  2217 | D:3      | Noticed Terence
  2232 | D:3      | Killed Terence
  2836 | D:3      | Paralysed by a goblin for 4 turns
  3348 | D:4      | Reached skill level 10 in Axes
  3348 | D:4      | Reached XP level 7. HP: 45/56 MP: 7/7
  3425 | D:4      | You fall into a shaft and drop 3 floors!
  3640 | D:7      | Found a burning altar of Makhleb.
  3646 | D:7      | Became a worshipper of Makhleb the Destroyer
  3741 | D:7      | Reached skill level 11 in Axes
  3837 | D:7      | Noticed Harold
  3865 | D:7      | Killed Harold
  3865 | D:7      | Reached skill level 13 in Axes
  3865 | D:7      | Reached XP level 8. HP: 22/62 MP: 8/8
  4032 | D:7      | Reached skill level 14 in Axes
  4384 | D:7      | Found Guwuuf's Assorted Antiques.
  4389 | D:7      | Bought a slimy bronze ring for 165 gold pieces
  4503 | D:7      | Reached XP level 9. HP: 64/67 MP: 9/9
  4893 | D:8      | Reached skill level 15 in Axes
  4933 | D:8      | Reached * piety under Makhleb
  4960 | D:8      | Noticed a hornet
  4967 | D:8      | Paralysed by a hornet for 1 turns
  4975 | D:8      | Killed a hornet
  4975 | D:8      | Reached skill level 16 in Axes
  5463 | D:8      | Found a staircase to the Lair.
  5592 | D:8      | Reached skill level 5 in Fighting
  5715 | D:8      | Reached XP level 10. HP: 73/82 MP: 10/10
  5869 | D:8      | Identified the ring of Ongess {Int+3 SInv} (You bought it
                  | in a shop on level 7 of the Dungeon)
  5905 | D:8      | Found a bloodstained altar of Trog.
  5908 | D:8      | Found an opulent altar of Gozag.
  5944 | D:8      | Found a radiant altar of Vehumet.
  6202 | D:8      | Reached ** piety under Makhleb
  6273 | D:8      | Gained mutation: You expend magic power (3 MP) to
                  | strengthen your wands. [potion of mutation]
  6273 | D:8      | Gained mutation: Your mind is acute. (Int +2) [potion of
                  | mutation]
  6576 | D:7      | Identified a scroll of acquirement
  7203 | D:6      | Noticed Dowan
  7205 | D:6      | Noticed Duvessa
  7207 | D:6      | Killed Dowan
  7217 | D:6      | Killed Duvessa
  7280 | D:6      | Reached skill level 17 in Axes
  7579 | D:6      | Found Fouxkomo's Weapon Shop.
  8028 | D:5      | Entered Level 5 of the Dungeon
  8077 | D:5      | Found a staircase to the Ecumenical Temple.
  8336 | D:5      | Reached *** piety under Makhleb
  8616 | D:5      | Found a stormy altar of Qazlal.
  8617 | D:5      | Noticed Menkaure
  8619 | D:5      | Found a blossoming altar of Fedhas.
  8622 | D:5      | Killed Menkaure
  8622 | D:5      | Reached skill level 18 in Axes
  9349 | D:4      | Reached XP level 11. HP: 95/95 MP: 11/11
  9942 | D:9      | Found a staircase to the Orcish Mines.
 10051 | D:9      | Reached **** piety under Makhleb
 10440 | D:10     | Entered Level 10 of the Dungeon
 10447 | D:10     | Found Warivvot's Book Boutique.
 10530 | D:10     | Reached skill level 19 in Axes
 11065 | D:10     | Found Hiunimp's Distillery.
 11071 | D:10     | Bought a potion of invisibility for 136 gold pieces
 11160 | D:10     | Found Ylaeliv's Book Shoppe.
 11192 | D:10     | Noticed a deep troll
 11202 | D:10     | Killed a deep troll
 11382 | D:10     | Noticed a deep troll
 11389 | D:10     | Killed a deep troll
 11391 | D:10     | Reached skill level 20 in Axes
 11509 | D:10     | Found Satoxin's Food Boutique.
 11613 | D:11     | Noticed a tengu warrior
 11630 | D:11     | Killed a tengu warrior
 12265 | D:7      | Bought a pair of embroidered boots for 247 gold pieces
 12319 | Orc:1    | Entered Level 1 of the Orcish Mines
 12358 | Orc:1    | Found a dark tunnel.
 12381 | Volcano  | Entered a volcano
 12397 | Volcano  | Noticed an ogre mage
 12407 | Volcano  | Killed an ogre mage
 12407 | Volcano  | Reached XP level 12. HP: 78/103 MP: 12/12
 12474 | Volcano  | Found a bloodstained altar of Trog.
 12475 | Volcano  | Noticed a two-headed ogre
 12476 | Volcano  | Noticed a two-headed ogre
 12476 | Volcano  | Noticed a red draconian
 12476 | Volcano  | Noticed a two-headed ogre
 12479 | Volcano  | HP: 4/103 [two-headed ogre/+0 giant club of flaming (18)]
 12479 | Volcano  | Slain by a two-headed ogre

Levels and vault maps discovered:
D:1:      minmay_arrival_nine_rooms, layout_loops_ring
D:2:      layout_rooms, first_ration, uniq_sigmund
D:3:      layout_basic, feat_on_display, uniq_terence
D:4:      layout_cave_pools, cheibrodos_sewer_entry_sluice
D:5:      layout_basic, grunt_temple_overflow_forces_of_nature,
          minmay_temple_entry_proselytizer, minmay_between, uniq_menkaure
D:6:      layout_rooms, serial_shops, nicolae_shop_stone,
          hangedman_decor_riveting, uniq_duvessa
D:7:      layout_gridville, serial_shops, shop, serial_undead, serial_undead_f,
          serial_undead_d, serial_undead_f, serial_undead_d, enter_bailey_2,
          basic_altar, uniq_harold
D:8:      cheibrodos_fertilizer, layout_gridville,
          nicolae_overflow_hidden_temple, grunt_lair_entry_orc_guard_hut,
          hangedman_little_slice_of_home, grunt_ministairs_6
D:9:      layout_small_grid, david_orc_3, minmay_fountain_box
D:10:     lemuel_troll_bridge, layout_cave_pools, serial_shops, shop,
          kennysheep_little_box, shop_fountains, kennysheep_mini
D:11:     layout_roguey
Orc:1:    layout_diamond_mine, nicolae_volcano_entry_lava_flow,
          kennysheep_orc_chapel
Volcano:  kennysheep_volcano_temple

Skill      XL: |  1  2  3  4  5  6  7  8  9 10 11 |
---------------+----------------------------------+-----
Axes           | 5 6 8 10 13 14 16 18 20 | 20.8
Fighting       | 6 8 |  8.5
Throwing       | |  1.7
Dodging        | |  2.4

Action                   |  1- 3 |  4- 6 |  7- 9 | 10-12 || total
-------------------------+-------+-------+-------+-------++-------
Melee: War axe           |    98 |   192 |   226 |   118 ||   634
       Unarmed           |       |       |    15 |       ||    15
       Executioner's axe |       |       |       |   364 ||   364
Throw: Throwing net      |       |     1 |     5 |     1 ||     7
Evoke: Wand              |       |       |       |     5 ||     5
  Use: Scroll            |       |     7 |       |    19 ||    26
       Potion            |       |       |     3 |    12 ||    15
 Stab: Held in net/web   |       |     2 |     4 |       ||     6
       Confused          |       |       |     1 |       ||     1
       Invisible         |       |       |       |     1 ||     1
  Eat: Chunk             |       |     4 |     3 |    13 ||    20
       Ration            |       |     1 |     3 |     2 ||     6
Armor: Leather armour    |    17 |       |       |       ||    17
       Scale mail        |    44 |   123 |     9 |       ||   176
       Chain mail        |       |       |    99 |   295 ||   394
       Skin              |       |       |     1 |       ||     1
Dodge: Dodged            |    79 |   128 |    76 |   180 ||   463
